 Dungeon Crawl Stone Soup version 0.30.0-10-gfe55d96785 (webtiles) character file.

Game seed: 6481204309716307643

44 voltaire321 the Charlatan (level 3, 0/27 HPs)
             Began as a Demonspawn Artificer on May 13, 2023.
             Slain by a quokka (2 damage)
             ... on level 2 of the Dungeon.
             The game lasted 00:02:31 (1044 turns).

voltaire321 the Charlatan (Demonspawn Artificer)    Turns: 1044, Time: 00:02:31

Health: 0/27       AC:  5    Str: 14    XL:     3   Next: 41%
Magic:  3/3        EV: 10    Int: 12    God:
Gold:   4          SH:  4    Dex: 13    Spells: 2/2 levels left

rFire   . . .        l - +1 dagger (venom)
rCold   . . .        (no shield)
rNeg    . . .        a - +0 ring mail
rPois   .            (no helmet)
rElec   .            (no cloak)
rCorr   .            (no gloves)
SInv    .            (no boots)
Will    .....        (no amulet)
Stlth   +            (no ring)
HPRegen 0.24/turn    (no ring)
MPRegen 0.08/turn

%: no passive effects
@: no status effects
A: condensation shield
a: no special abilities


You were on level 2 of the Dungeon.
You visited 1 branch of the dungeon, and saw 2 of its levels.

You collected 4 gold pieces.

Inventory:

Hand Weapons
 f - a +0 mace
 l - a +1 dagger of venom (weapon)
Missiles
 h - 4 poisoned darts
Armour
 a - a +0 ring mail (worn)
 b - a +0 leather armour
Jewellery
 i - a ring of flight
Wands
 c - a wand of flame (13) (quivered)
 d - a wand of charming (15)
 e - a wand of iceblast (5)
Scrolls
 g - a scroll of fear {unknown}
 k - a scroll of fog {unknown}
 m - 2 scrolls of identify {unknown}
 n - a scroll of torment {unknown}
 o - a scroll of amnesia {unknown}
Potions
 j - 2 potions of curing {unknown}
 p - a potion of resistance {unknown}


   Skills:
 + Level 1.9 Fighting
 + Level 2.2 Armour
 + Level 1.6 Dodging
 - Level 0.9 Stealth
 + Level 3.4 Evocations


You had 2 spell levels left.
You didn't know any spells.
Your spell library contained the following spells:

 Spells                   Type           Power      Damage    Failure   Level
 Blink                    Tloc           0%         N/A       69%         2
 Lesser Beckoning         Tloc           0%         N/A       69%         2
 Momentum Strike          Conj/Tloc      0%         3d8       69%         2


Dungeon Overview and Level Annotations

Branches:
Dungeon (2/15)

Altars:


Innate Abilities, Weirdness & Mutations

A meltable shield of frost defends you. (SH +4)


Message History

A gnoll comes into view. It is wielding a +0 whip.
The gnoll moves out of view.
A gnoll comes into view. It is wielding a +0 spear.
The gnoll shouts!
You hear a shout!
The gnoll shouts!
The gnoll hits you but does no damage.
You hit the gnoll but do no damage.
The gnoll is poisoned.
The gnoll hits you from afar with a +0 spear.
The gnoll hits you with a +0 whip.
You hit the gnoll but do no damage.
The gnoll looks even sicker.
The gnoll barely misses you. You block the gnoll's attack.
You block the gnoll's attack. The gnoll attacks as you move away!
The gnoll hits you with a +0 whip. The gnoll attacks as you move away!
The gnoll barely misses you.
You hit the gnoll but do no damage.
The gnoll looks as sick as possible!
The gnoll is almost dead.
You kill the gnoll!
The gnoll hits you with a +0 spear.
You closely miss the gnoll. The gnoll hits you with a +0 spear!
* * * LOW HITPOINT WARNING * * *
You hit the gnoll but do no damage. The gnoll hits you with a +0 spear.
* * * LOW HITPOINT WARNING * * *
The gnoll barely misses you. The gnoll attacks as you move away!
The gnoll hits you with a +0 spear.
* * * LOW HITPOINT WARNING * * *
The gnoll hits you but does no damage. You block the gnoll's attack.
A hobgoblin comes into view.
The hobgoblin shouts!
Found the Vademecum on the Gelid Caves.
A quokka comes into view.
Found 8 gold pieces.
The quokka barely misses you.
The hobgoblin hits you but does no damage.
The hobgoblin attacks as you move away!
The hobgoblin hits you but does no damage.
Found a scroll labelled EHIKHOCWUEBU.
The quokka bites you.
* * * LOW HITPOINT WARNING * * *
A goblin comes into view. It is wielding a +0 club.
Found 9 gold pieces.
The quokka bites you.
You die...

..... .. ....#.. .# #
.....$. .# . .#..#..##
.#.# .......# .#.#
.##...... ..?##.. ......
..#.....##......$ ....#.
.g......r@....... .. ...>.
......g.#######..##.###...
.#......# ..........
.#......# .........
.......g## ........
.........# #.#.#..#..
:......g###### #.#.#.)...
.............## #.#.......
..............# #.#...#.#.


You could see a quokka and a hobgoblin.

Vanquished Creatures
  A gnoll (D:2)
  4 ball pythons (D:1)
  2 bats (D:1)
  7 endoplasms (D:1)
  2 giant cockroaches (D:1)
  A goblin (D:1)
  3 hobgoblins (D:1)
  3 quokkas (D:1)
  3 kobolds
  3 rats (D:1)
29 creatures vanquished.

Notes
Turn   | Place    | Note
-------+----------+-------------------------------------------
     0 | D:1      | voltaire321 the Demonspawn Artificer began the quest for
                  | the Orb.
     0 | D:1      | Reached XP level 1. HP: 15/15 MP: 1/1
    46 | D:1      | Reached skill level 1 in Dodging
   186 | D:1      | Gained mutation: A meltable shield of frost defends you.
                  | (SH +4) [demonic ancestry]
   186 | D:1      | Reached XP level 2. HP: 18/21 MP: 2/2
   776 | D:1      | Reached XP level 3. HP: 27/27 MP: 3/3
  1032 | D:2      | HP: 1/27 [gnoll/+0 spear (2)]
  1044 | D:2      | Slain by a quokka

Illustrated notes

Levels and vault maps discovered:
D:1:      ldierk_walled_garden, layout_loops_ring
D:2:      layout_basic, serial_shops, nicolae_lakefront_shop,
          dreamdust_ecumenical_altar_angels_and_demons

Skill      XL: |  1 |
---------------+----+-----
Dodging        | 1 |  1.6
Armour         | 2 |  2.2
Fighting       | |  1.9
Stealth        | |  0.9
Evocations     | |  3.4

Action                     || total
---------------------------++-------
  Melee: Mace              ||    56
         Punch             ||     2
         Dagger            ||    38
  Evoke: Wand              ||     2
 Armour: Ring mail         ||    31
  Dodge: Dodged            ||    58
  Block: Other             ||    17
